Map: Dusk Towers

Players

Miszu

  • Race: Terran Terran
  • League: Master

Hani - Winner!

  • Race: Protoss Protoss
  • League: Master

VOD

Have the link to the VOD?

Description

Time

  • Played on: April 17, 2016, 2:28 p.m.
  • Length: 13:52
Show
View Real Time Build Order
Export as new Build Order

Miszu Terran 

Build Orders: 1/1/1, Liberator Opening, MMM Bio 

Get SALT Encoding   

  12  0:01  SCV  
  13  0:13  SCV  
  14  0:17  Supply Depot  
  14  0:25  SCV  
  14  0:28  Refinery  
  15  0:39  SCV  
  16  0:44  Barracks  
  16  0:51  SCV  
  17  1:03  SCV  
  18  1:16  SCV  
  19  1:31  Orbital Command  
  19  1:32  Marine  
  20  1:33  Factory  
  20  1:41  Supply Depot  
  20  1:50  Marine  
  21  1:56  SCV  
  22  2:03  Supply Depot  
  22  2:08  Marine  
  23  2:10  SCV  
  24  2:17  Hellion  
  24  2:18  Starport  
  24  2:22  SCV  
  27  2:26  Marine  
  28  2:31  Supply Depot  
  28  2:34  SCV  
  29  2:38  Hellion  
  29  2:43  Marine  
  32  2:46  SCV  
  33  2:54  Medivac  
  35  2:59  SCV  
  35  3:00  Supply Depot, Hellion  
  35  3:01  Marine  
  39  3:09  Refinery  
  39  3:11  SCV  
  40  3:20  Barracks Reactor  
  40  3:22  Factory Tech Lab  
  40  3:23  SCV  
  41  3:33  Command Center  
  41  3:35  Liberator  
  41  3:39  SCV  
  42  3:51  SCV  
  46  3:58  Barracks  
  46  3:59  Barracks  
  46  4:04  SCV  
  47  4:24  SCV  
  47  4:27  Marine  
  47  4:28  Marine  
  48  4:36  SCV  
  45  4:45  Marine, Orbital Command  
  45  4:49  SCV  
  45  4:50  Marine, Barracks Tech Lab x2  
  48  4:56  Starport Reactor, Siege Tank  
  51  5:01  SCV  
  52  5:10  Marine, Stimpack  
  52  5:11  Marine x3  
  52  5:12  SCV  
  52  5:13  SCV  
  58  5:15  Refinery  
  58  5:20  Engineering Bay  
  58  5:24  SCV  
  58  5:25  SCV  
  58  5:34  Marine  
  58  5:35  Marine x3  
  59  5:36  Siege Tank  
  59  5:37  SCV x2  
  59  5:40  Supply Depot  
  65  5:44  Supply Depot  
  65  5:46  Terran Infantry Weapons Level 1  
  65  5:49  SCV  
  66  5:52  Marine  
  66  5:55  Medivac  
  69  6:02  Supply Depot, Barracks x2  
  69  6:06  SCV  
  69  6:07  Marine x2  
  69  6:11  Siege Tank  
  71  6:26  Missile Turret  
  71  6:30  Medivac x2  
  71  6:31  Missile Turret  
  71  6:32  SCV x2  
  75  6:33  Marine x2  
  77  6:42  Supply Depot  
  77  6:44  Marine, SCV  
  77  6:45  SCV  
  77  6:56  SCV  
  77  7:00  Medivac, SCV  
  80  7:08  Marine  
  81  7:14  Marine  
  82  7:19  Marine  
  82  7:20  Marine  
  82  7:21  Marine x2  
  86  7:24  Medivac  
  88  7:30  Medivac  
  88  7:33  Supply Depot, Refinery  
  88  7:35  Supply Depot  
  93  7:41  Barracks Reactor  
  93  7:42  Barracks Tech Lab, Command Center  
  93  7:44  SCV x2  
  92  7:50  Factory Reactor  
  92  7:55  Marine  
  92  7:56  Marauder  
  95  8:01  Marine  
  95  8:02  Marine, Marauder  
  95  8:03  Medivac x2  
  103  8:13  Marine  
  103  8:16  Marine  
  103  8:19  Marine  
  106  8:20  Marine x3  
  106  8:23  Marauder  
  111  8:31  Marine  
  111  8:35  Marauder  
  111  8:37  Marine x2  
  111  8:38  Marine, Marauder  
  116  8:45  Marauder  
  113  8:55  Marine x3  
  99  8:56  Marine, Marauder  
  99  8:57  Combat Shields  
  99  9:00  Marauder  
  106  9:04  Widow Mine  
  106  9:06  Marauder, Widow Mine  
  106  9:08  Medivac  
  106  9:09  Medivac  
  116  9:13  Marine x3  
  116  9:14  Marine  
  116  9:15  Orbital Command  
  120  9:17  Marauder  
  120  9:20  Marine, SCV x2  
  125  9:27  Marauder  
  127  9:32  Engineering Bay, SCV x2, Armory  
  129  9:40  Marine x2, Liberator  
  129  9:43  Widow Mine  
  133  9:49  Terran Infantry Armor Level 1  
  133  9:52  Refinery  
  133  9:53  Refinery  
  133  9:54  Supply Depot  
  133  9:57  Supply Depot, Widow Mine, SCV x3  
  133  9:58  Liberator  
  141  10:10  Supply Depot  
  141  10:15  Concussive Shells  
  141  10:16  Marauder, SCV x3  
  141  10:18  Supply Depot  
  141  10:20  Supply Depot  
  149  10:23  Liberator  
  149  10:28  SCV x2  
  147  10:41  Liberator  
  150  10:43  Supply Depot, SCV x3, Terran Infantry Weapons Level 2  
  153  10:51  Barracks x2  
  153  10:52  Barracks  
  153  10:55  Supply Depot, SCV x3  
  156  10:58  Widow Mine  
  156  10:59  Widow Mine  
  163  11:07  SCV x2  
  163  11:10  Marauder  
  167  11:13  Command Center  
  167  11:16  Marine, Marauder  
  167  11:17  Marine x3  
  173  11:21  Marauder  
  175  11:32  Marauder  
  175  11:33  Liberator x2  
  175  11:34  Marine  
  159  11:44  Marine  
  159  11:45  Marauder  
  162  11:49  Marine  
  162  11:50  Marauder  
  162  11:55  Marine  
  162  11:56  Marauder  
  162  12:00  Marine  
  162  12:01  Marine x2  
  166  12:06  Marauder  
  170  12:09  Marine x3  
  170  12:11  Marauder  
  170  12:13  Marine  
  176  12:17  Marine  
  176  12:18  Marine  
  176  12:19  Liberator  
  176  12:20  Liberator  
  169  12:28  Marauder  
  169  12:32  Marauder  
  169  12:35  Marauder  
  176  12:39  Barracks Tech Lab x3  
  179  12:47  Marine x4  
  179  12:48  Widow Mine  
  179  12:49  Marauder  
  187  12:54  Marauder  
  187  12:56  Marine  
  187  12:57  Sensor Tower  
  190  13:02  Marine  
  190  13:03  Marauder  
  190  13:05  Marine x3  
  193  13:07  Marauder  
  193  13:11  SCV  
  141  13:21  Marine  
  141  13:22  Marauder  
  141  13:23  Marine x3, Marauder  
  144  13:31  Marauder  
Show
View Real Time Build Order
Export as new Build Order

Hani Protoss - Winner!

Build Orders: 1 Gate Expand, Phoenix Opening 

Get SALT Encoding   

  12  0:01  Probe (Chrono Boost)  
  13  0:13  Probe (Chrono Boost)  
  14  0:18  Pylon  
  14  0:24  Probe (Chrono Boost)  
  15  0:36  Probe (Chrono Boost)  
  15  0:37  Gateway  
  16  0:47  Probe (Chrono Boost)  
  16  0:48  Assimilator  
  17  0:57  Probe (Chrono Boost)  
  18  1:08  Probe (Chrono Boost)  
  19  1:21  Nexus  
  19  1:30  Cybernetics Core  
  19  1:36  Probe (Chrono Boost)  
  20  1:41  Assimilator  
  20  1:46  Probe (Chrono Boost)  
  21  1:50  Pylon  
  21  1:57  Probe (Chrono Boost)  
  22  2:07  Probe (Chrono Boost)  
  22  2:08  Adept (Chrono Boost)  
  25  2:10  Warp Gate  
  25  2:19  Probe  
  26  2:31  Probe (Chrono Boost)  
  26  2:32  Stargate  
  26  2:35  Probe (Chrono Boost)  
  28  2:42  Probe (Chrono Boost)  
  29  2:46  Probe (Chrono Boost)  
  30  2:53  Probe (Chrono Boost)  
  30  2:56  Probe (Chrono Boost)  
  32  3:03  Probe (Chrono Boost)  
  33  3:07  Pylon, Probe (Chrono Boost)  
  33  3:08  Assimilator  
  33  3:09  Adept  
  36  3:14  Mothership Core (Chrono Boost)  
  36  3:16  Probe, Phoenix (Chrono Boost)  
  41  3:24  Pylon  
  41  3:27  Probe  
  42  3:35  Probe  
  42  3:37  Probe  
  42  3:38  Phoenix (Chrono Boost)  
  46  3:45  Pylon  
  46  3:47  Probe  
  46  3:48  Probe  
  47  3:53  Assimilator  
  48  3:59  Probe  
  48  4:00  Phoenix (Chrono Boost)  
  51  4:08  Pylon  
  51  4:10  Robotics Facility  
  51  4:15  Gateway  
  45  4:28  Adept  
  45  4:34  Probe  
  45  4:44  Probe  
  44  4:50  Probe  
  46  4:55  Probe  
  46  4:57  Phoenix (Chrono Boost)  
  46  4:59  Observer  
  50  5:03  Probe  
  50  5:04  Adept  
  50  5:05  Probe  
  54  5:15  Probe  
  54  5:16  Probe  
  54  5:19  Phoenix (Chrono Boost)  
  58  5:26  Probe  
  58  5:27  Probe  
  60  5:37  Probe  
  60  5:39  Probe  
  60  5:41  Phoenix (Chrono Boost)  
  64  5:48  Probe  
  65  5:51  Probe  
  66  5:58  Probe  
  66  5:59  Pylon  
  66  6:03  Nexus, Probe  
  68  6:07  Pylon  
  68  6:09  Probe  
  69  6:15  Probe  
  70  6:19  Probe  
  71  6:27  Probe  
  71  6:30  Probe  
  73  6:38  Robotics Bay  
  73  6:39  Probe  
  74  6:40  Probe  
  74  6:44  Gateway  
  74  6:45  Gateway  
  75  6:47  Twilight Council  
  75  6:51  Probe x2  
  77  7:01  Probe  
  77  7:03  Probe  
  77  7:05  Phoenix (Chrono Boost)  
  79  7:09  Adept  
  79  7:10  Immortal (Chrono Boost)  
  79  7:12  Probe  
  84  7:16  Probe  
  85  7:22  Probe  
  85  7:25  Resonating Glaives (Chrono Boost)  
  85  7:26  Gateway x2  
  85  7:28  Probe  
  87  7:30  Gateway, Pylon  
  87  7:44  Adept x3  
  89  7:46  Disruptor (Chrono Boost)  
  96  8:01  Pylon  
  96  8:03  Pylon  
  96  8:05  Adept x3  
  100  8:07  Pylon  
  100  8:09  Assimilator  
  100  8:10  Assimilator  
  100  8:11  Pylon x2  
  101  8:14  Disruptor  
  104  8:22  Pylon  
  104  8:24  Pylon  
  98  8:37  Adept x5  
  98  8:38  Adept  
  110  8:48  Disruptor  
  102  8:55  Phoenix  
  99  9:05  Adept x3  
  99  9:06  Adept x3  
  111  9:10  Blink (Chrono Boost)  
  111  9:11  Forge, Probe x2  
  111  9:12  Forge  
  113  9:19  Disruptor  
  113  9:23  Probe x2  
  113  9:24  Probe  
  119  9:35  Probe  
  119  9:36  Probe  
  119  9:37  Stalker x2  
  125  9:38  Robotics Facility  
  125  9:45  Nexus  
  125  9:46  Pylon  
  125  9:49  Stalker  
  125  9:50  Stalker x3, Disruptor  
  133  9:57  Pylon  
  136  10:02  Stalker x2  
  140  10:16  Stalker x4  
  148  10:21  Disruptor  
  149  10:40  Disruptor  
  149  10:41  Stalker x5  
  162  10:43  Stalker  
  164  10:52  Disruptor  
  164  10:53  Probe x2  
  164  10:54  Protoss Ground Weapons Level 1 (Chrono Boost)  
  164  10:55  Protoss Ground Armor Level 1 (Chrono Boost)  
  167  11:05  Probe  
  167  11:08  Mothership Core  
  170  11:13  Stalker x3  
  170  11:14  Stalker x2  
  170  11:16  Disruptor  
  183  11:23  Disruptor  
  176  11:50  Stalker x5  
  176  11:51  Stalker  
  188  11:58  Fleet Beacon  
  188  11:59  Stargate, Warp Prism  
  188  12:00  Mothership Core  
  188  12:11  Pylon  
  188  12:13  Pylon  
  187  12:23  Warp Prism  
  180  12:31  Stalker x2  
  180  12:32  Stalker x3  
  180  12:36  Adept  
  181  12:38  Probe  
  181  12:42  Pylon  
  182  12:45  Probe  
  182  12:46  Probe x2  
  182  12:50  Probe  
  186  12:55  Probe  
  187  12:58  Probe  
  166  13:25  Probe  
  166  13:26  Probe x2  
  168  13:27  Probe  
  168  13:31  Stalker x6  
  182  13:38  Probe  
  182  13:39  Probe x2  
Tags
 
Add a new tag
Caveats
  • Supply blocks, unpowered buildings, or Contaminate may cause inaccurate times.
  • Supply counts are checked every 10 seconds.